 Dungeon Crawl Stone Soup version 0.25.1-1-g288607f5aa (webtiles) character file.

Game seed: 11743631988642032283

501 DildoBatman the Conjurer (level 7, -1/46 HPs)
             Began as a Formicid Wizard on July 20, 2020.
             Slain by an ogre
             ... wielding a +0 giant spiked club
              (20 damage)
             ... on level 4 of the Dungeon.
             The game lasted 00:13:17 (4105 turns).

DildoBatman the Conjurer (Formicid Wizard)          Turns: 4105, Time: 00:13:17

Health: -1/46      AC:  6    Str: 19    XL:     7   Next: 40%
Magic:  2/11       EV: 11    Int: 20    God:
Gold:   214        SH:  0    Dex:  9    Spells: 5/12 levels left

rFire    . . .     SeeInvis +   a - +6 long sword of Niqups {speed, rN+++ Str+2}
rCold    . . .     Gourm    .   (no shield)
rNeg     + + +     Faith    .   l - +1 ring mail {rPois}
rPois    +         Spirit   .   (helmet unavailable)
rElec    .         Reflect  .   (no cloak)
rCorr    .         Harm     .   (no gloves)
MR       .....                  (no boots)
Stlth    ++........             (no amulet)
HPRegen  0.15/turn              u - ring of stealth
MPRegen  0.12/turn              s - +6 ring of strength

@: very slightly contaminated
A: permanent stasis, dig shafts and tunnels, four strong arms, antennae 3
a: Dig, Shaft Self


You were on level 4 of the Dungeon.
You were not hungry.

You visited 1 branch of the dungeon, and saw 4 of its levels.

You collected 214 gold pieces.

Inventory:

Hand Weapons
 a - the +6 long sword of Niqups (weapon) {speed, rN+++ Str+2}
   (You found it on level 4 of the Dungeon)

   Attacks with this weapon are significantly faster.
   It affects your strength (+2).
   It renders you almost immune to negative energy.
 b - a +0 dagger of venom
 g - a +2 dagger of venom
 A - a +0 vampiric whip
Missiles
 c - 44 poisoned darts
 d - 146 stones (quivered)
 m - 27 arrows
 n - 66 bolts
 B - 14 sling bullets
Armour
 l - a +1 ring mail of poison resistance (worn)
Jewellery
 s - a +6 ring of strength (right hand)
 u - a ring of stealth (left hand)
Wands
 y - a wand of digging (4)
Scrolls
 e - a scroll of remove curse {unknown}
 i - a scroll of amnesia {unknown}
 p - a scroll of immolation {unknown}
 t - a scroll of magic mapping {unknown}
 z - 4 scrolls of identify
 D - a scroll of enchant armour {unknown}
Potions
 f - 2 potions of stabbing {unknown}
 h - 2 potions of degeneration {unknown}
 j - 2 potions of curing {unknown}
 k - 3 potions of flight {unknown}
 q - a potion of magic {unknown}
 r - a potion of might {unknown}
 w - a potion of heal wounds {unknown}
 x - a potion of lignification {unknown}
 C - a potion of berserk rage {unknown}
Comestibles
 o - 5 chunks of flesh
 v - 4 rations


   Skills:
 - Level 1.7 Dodging
 - Level 2.4 Stealth
 - Level 3.2 Spellcasting
 - Level 6.0 Conjurations
   Level 1.0 Summonings
   Level 0.8 Translocations
 * Level 2.0 Fire Magic
 * Level 1.5 Air Magic


You had 5 spell levels left.
You knew the following spells:

 Your Spells              Type           Power        Failure   Level  Hunger
a - Conjure Flame         Conj/Fire      ###.....     14%         3    ###....
c - Magic Dart            Conj           ####         1%          1    None
e - Mephitic Cloud        Conj/Pois/Air  ##......     26%         3    ###....

Your spell library contained the following spells:

 Spells                   Type           Power        Failure   Level  Hunger
 Call Imp                 Summ           #.......     24%         2    ##.....
 Slow                     Hex            #.......     36%         2    ##.....
 Blink                    Tloc           Unusable     N/A         2    N/A

Dungeon Overview and Level Annotations

Branches:
Dungeon (4/15)
 Temple: D:4-7

Altars:
Ashenzari
Wu Jian

Annotations:
D:2 Robin
D:3 exclusions: rat and 1 more exclusion, Sigmund


Innate Abilities, Weirdness & Mutations

You cannot be hasted, slowed, berserked, paralysed or teleported.
You can dig through walls and to a lower floor.
Your four strong arms can wield two-handed weapons with a shield.
You have a pair of large antennae on your head. (SInv)


Message History

You hit the ogre.
The ogre is moderately wounded.
You slash the ogre!
The ogre is severely wounded.
The ogre hits you with a +0 giant spiked club!
You barely miss the ogre.
The ogre is severely wounded.
The ogre barely misses you.
You riposte.
You closely miss the ogre.
The ogre is severely wounded.
You hit the ogre.
The ogre is severely wounded.
You barely miss the ogre.
The ogre is severely wounded.
The ogre hits you with a +0 giant spiked club!
You hit the ogre.
The ogre is almost dead.
The ogre hits you with a +0 giant spiked club!!
You die...

# ####.##.##)# #########.# #
#....)#.##.####......#.# #
#.##...).)........##..# # #
#.##.##.#)..###.#....## #. #
#.##.##......##.####..###.# #
#.##....#...###.# #.#?#.#
#.########.## #[####.##.# #.# #.#
#......##.# #.# #@# #########.#
#####.# #O# ##.# #...#.# ... #..#
#.....# ..... ###.## ###....##
....... ##.#.#
........####.........####....####
[<.........+.........+...........
.##.#...####...(.....####....####
.##.##.## #..#..# #


You could see an ogre.

Vanquished Creatures
  A phantom (D:4)
  An ogre (D:4)
  A bullfrog (D:3)
  An orc wizard (D:4)
  2 worker ants (D:4)
  4 gnolls
  4 adders
  2 worms
  5 dart slugs
  A leopard gecko (D:1)
  6 orcs
  A ball python (D:1)
  6 bats
  7 giant cockroaches
  13 goblins
  12 hobgoblins
  4 jackals (D:4)
  12 kobolds
  2 quokkas
  8 frilled lizards
  2 rats
95 creatures vanquished.

Notes
Turn   | Place    | Note
-------+----------+-------------------------------------------
     0 | D:1      | DildoBatman the Formicid Wizard began the quest for the
                  | Orb.
     0 | D:1      | Reached XP level 1. HP: 13/13 MP: 4/4
     3 | D:1      | You fall into a shaft and drop 1 floor!
    18 | D:1      | Reached skill level 1 in Conjurations
   101 | D:1      | Reached XP level 2. HP: 13/19 MP: 3/6
   208 | D:1      | Reached skill level 2 in Conjurations
   670 | D:1      | Reached XP level 3. HP: 24/24 MP: 1/7
   678 | D:1      | Learned a level 3 spell: Conjure Flame
   682 | D:1      | Learned a level 3 spell: Mephitic Cloud
   777 | D:1      | Reached skill level 3 in Conjurations
  1183 | D:2      | Reached XP level 4. HP: 30/30 MP: 3/8
  1836 | D:3      | Reached skill level 4 in Conjurations
  1836 | D:3      | Reached XP level 5. HP: 12/35 MP: 5/9
  1845 | D:3      | Noticed Sigmund
  1866 | D:3      | Found a shattered altar of Ashenzari.
  2009 | D:3      | Found an ornate altar of the Wu Jian Council.
  2025 | D:3      | Noticed Robin
  2549 | D:3      | Noticed a bullfrog
  2560 | D:3      | Killed a bullfrog
  2560 | D:3      | Reached skill level 5 in Conjurations
  2560 | D:3      | Reached XP level 6. HP: 34/41 MP: 3/10
  3510 | D:4      | Got an ebony long sword
  3511 | D:4      | Identified the +6 long sword of Niqups {speed, rN+++ Str+2}
                  | (You found it on level 4 of the Dungeon)
  3615 | D:4      | Noticed a phantom
  3901 | D:4      | Noticed an ogre
  3920 | D:4      | Killed an ogre
  3920 | D:4      | Reached skill level 1 in Fire Magic
  3925 | D:4      | Noticed a phantom
  3946 | D:4      | Killed a phantom
  3946 | D:4      | Reached skill level 1 in Air Magic
  3946 | D:4      | Reached XP level 7. HP: 46/46 MP: 6/11
  4093 | D:4      | Reached skill level 6 in Conjurations
  4105 | D:4      | Slain by an ogre

Illustrated notes

Levels and vault maps discovered:
D:1:      scummos_arrival_star, layout_basic, minmay_misc_feat_four_crosses
D:2:      layout_loops_ring, grunt_decor_one_mirror
D:3:      layout_basic, marbit_many_paths, lemuel_crystal_altar, first_ration,
          lexackson_kobold_supper, uniq_sigmund, uniq_robin
D:4:      layout_loops_corners

Skill      XL: |  1  2  3  4  5  6  7 |
---------------+----------------------+-----
Conjurations   | 1 2 3 4 5 6 |  6.0
Fire Magic     | 1 2 |  2.0
Air Magic      | 1 |  1.5
Dodging        | |  1.7
Stealth        | |  2.4
Spellcasting   | |  3.2
Summonings     | |  1.0
Translocations | |  0.8

Action                   |  1- 3 |  4- 6 |  7- 9 || total
-------------------------+-------+-------+-------++-------
Melee: Dagger            |    35 |    72 |     3 ||   110
       Long sword        |       |    28 |    18 ||    46
 Cast: Magic Dart        |    67 |    80 |     5 ||   152
       Mephitic Cloud    |       |     4 |       ||     4
 Abil: Shaft Self        |     1 |       |       ||     1
       Dig               |       |     9 |       ||     9
  Use: Scroll            |       |     2 |       ||     2
 Stab: Sleeping          |     1 |     6 |       ||     7
       Confused          |       |     1 |       ||     1
  Eat: Chunk             |     1 |    10 |     1 ||    12
Armor: Robe              |     6 |     3 |       ||     9
       Ring mail         |       |    17 |     3 ||    20
Dodge: Dodged            |    25 |    83 |    10 ||   118
       Rpst.: Long sword |       |     9 |     3 ||    12
